 Dungeon Crawl Stone Soup version 0.31.0-2-g5a2aebc5c2 (webtiles) character file.

Game seed: 3123338418985017268

299620 Daunt the Slayer (level 20, -3/184 HPs)
             Began as a Barachi Shapeshifter on Jan 20, 2024.
             Was a High Priest of Ignis.
             Slain by a searing wretch (31 damage)
             ... led by Margery
             ... on level 2 of the Vaults.
             The game lasted 03:58:46 (40565 turns).

Daunt the Slayer (Barachi Shapeshifter)            Turns: 40565, Time: 03:58:47

Health: -3/184     AC: 23    Str: 24    XL:     20   Next: 99%
Magic:  23/23      EV: 21    Int: 14    God:    Ignis [*****.]
Gold:   3032       SH:  0    Dex: 20    Spells: 19/23 levels left

rFire   . .          .
                       - Unarmed
rCold   + . .        (shield currently unavailable)
rNeg    + . .        O - +4 ring mail {rC+}
rPois   .            L - +2 helmet {SInv}
rElec   .            B - +2 cloak
rCorr   .            (gloves currently unavailable)
SInv    +            d - +1 pair of boots "Odiforea" {Will++ Int+2}
Will    +++..        l - amulet of regeneration
Stlth   +++          p - ring "Ocheil" {Str+3 Dex+6}
HPRegen 1.30/turn    q - ring "Suodet" {Fly rN+ AC+4}
MPRegen 0.18/turn

%: no passive effects
@: mighty, blade hands, fire vulnerable, flying, studying 2 skills, slow
A: amphibious, slowness 1, strong legs 2, +LOS
}: 2/15 runes: barnacled, gossamer
a: Hop, Begin Untransformation, Renounce Religion, Fiery Armour, Foxfire Swarm,
Rising Flame


You were on level 2 of the Vaults.
You worshipped Ignis.
Ignis was extremely pleased with you.
You had blades for hands.
You visited 6 branches of the dungeon, and saw 32 of its levels.
You also visited: Ice Cave and Volcano.

You collected 5524 gold pieces.
You spent 2492 gold pieces at shops.

Inventory:

Missiles
 f - 9 silver javelins
 w - 54 poisoned darts (quivered)
 F - 34 boomerangs
 H - 5 javelins
 I - 12 throwing nets
 P - 4 darts of dispersal
 R - 6 curare-tipped darts
 T - 3 atropa-tipped darts
Armour
 d - the +1 pair of boots "Odiforea" (worn) {Will++ Int+2}
   (You found it on level 4 of the Spider Nest)

   Int+2:     It affects your intelligence (+2).
   Will++:    It greatly increases your willpower.
 B - a +2 cloak (worn)
 L - a +2 helmet of see invisible (worn)
 O - a +4 ring mail of cold resistance (worn)
Jewellery
 l - an amulet of regeneration (around neck)
 p - the ring "Ocheil" (left blade hand) {Str+3 Dex+6}
   (You found it on level 14 of the Dungeon)

   [ring of dexterity]

   Str+3:     It affects your strength (+3).
   Dex+6:     It affects your dexterity (+6).
 q - the ring "Suodet" (right blade hand) {Fly rN+ AC+4}
   (You acquired it on level 1 of the Shoals)

   [ring of protection]

   AC+4:      It affects your AC (+4).
   rN+:       It protects you from negative energy.
   Fly:       It grants you flight.
 y - a ring of protection from cold
Talismans
 g - a dragon-blood talisman
 E - the serpent talisman of Mezcal {Will+ Int-4 Slay+5 Stlth-}
   (You took it off Aizul on level 1 of the Spider Nest)

   [serpent talisman]

   Int-4:     It affects your intelligence (-4).
   Slay+5:    It affects your accuracy & damage with ranged weapons and melee
   (+5).
   Will+:     It increases your willpower.
   Stlth-:    It makes you less stealthy.
 W - a blade talisman (active)
Wands
 r - a wand of polymorph (13)
 A - a wand of charming (16)
 C - a wand of digging (11)
 D - a wand of roots (14)
 N - a wand of mindburst (20)
 S - a wand of flame (66)
 X - a wand of light (22)
Scrolls
 e - 6 scrolls of revelation
 m - 5 scrolls of teleportation
 o - 6 scrolls of poison
 s - 5 scrolls of blinking
 t - 5 scrolls of fear
 v - 10 scrolls of immolation
 Z - a scroll of fog
Potions
 a - 4 potions of resistance
 b - 5 potions of lignification
 c - 4 potions of might
 h - 2 potions of berserk rage
 i - 4 potions of ambrosia
 j - 4 potions of haste
 k - 6 potions of mutation
 n - 5 potions of cancellation
 z - 15 potions of curing
 G - 8 potions of invisibility
 J - 5 potions of heal wounds
 K - 5 potions of enlightenment
 Q - 5 potions of attraction
Miscellaneous
 u - a phial of floods
 x - a lightning rod (4/4)
 M - a tin of tremorstones (2/2)
 U - a phantom mirror
 V - a sack of spiders


   Skills:
 * Level 22.5 Fighting
 + Level 11.0 Armour
 + Level 15.0 Dodging
 - Level 6.0 Stealth
 + Level 22.4 Unarmed Combat
 - Level 2.0 Spellcasting
 - Level 5.0 Translocations
 - Level 15.0 Evocations
 - Level 16.0 Shapeshifting


You had 19 spell levels left.
You knew the following spells:

 Your Spells              Type           Power      Damage    Failure   Level
b - Blink                 Tloc           30%        N/A       6%          2
l - Lesser Beckoning      Tloc           30%        N/A       6%          2

Your spell library contained the following spells:

 Spells                   Type           Power      Damage    Failure   Level
 Momentum Strike          Conj/Tloc      16%        3d8       19%         2
 Magic Dart               Conj           4%         1d3       32%         1
 Sting                    Conj/Alch      4%         1d3       32%         1
 Volatile Blastmotes      Fire/Tloc      16%        2d11      34%         3
 Passage of Golubria      Tloc           15%        N/A       38%         4
 Mercury Vapours          Alch/Air       2%         N/A       45%         2
 Scorch                   Fire           2%         2d5       45%         2
 Searing Ray              Conj           2%         2d4       45%         2
 Sublimation of Blood     Necr           1%         N/A       45%         2
 Call Canine Familiar     Summ           1%         N/A       69%         3
 Hailstorm                Conj/Ice       1%         3d5       69%         3
 Summon Ice Beast         Ice/Summ       1%         N/A       69%         3
 Iskenderun's Mystic Bla  Conj/Tloc      8%         2d4       75%         4
 Vhi's Electric Charge    Tloc/Air       16%        N/A       75%         4
 Animate Dead             Necr           1%         N/A       97%         4
 Cause Fear               Hex            0%         N/A       97%         4
 Flame Wave               Conj/Fire      1%         2d4       97%         4
 Fulminant Prism          Conj/Alch      0%         3d5       97%         4
 Ignite Poison            Fire/Alch      1%         N/A       97%         4
 Olgreb's Toxic Radiance  Alch           1%         N/A       97%         4
 Petrify                  Alch/Erth      1%         N/A       97%         4
 Sticky Flame             Fire/Alch      1%         2d4       97%         4
 Summon Blazeheart Golem  Fire/Summ      1%         N/A       97%         4
 Summon Forest            Summ/Tloc      4%         N/A       97%         5
 Arcjolt                  Conj/Air       0%         1d10      100%        5
 Curse of Agony           Necr           1%         N/A       100%        5
 Irradiate                Conj/Alch      0%         3d11      100%        5
 Iskenderun's Battlesphe  Conj           1%         2d6       100%        5
 Silence                  Hex/Air        0%         N/A       100%        5
 Bombard                  Conj/Erth      0%         9d1       100%        6
 Conjure Ball Lightning   Conj/Air       0%         3x3d6     100%        6
 Eringya's Noxious Bog    Alch           0%         4d6       100%        6
 Sculpt Simulacrum        Ice/Alch       0%         N/A       100%        6
 Summon Cactus Giant      Summ           0%         N/A       100%        6
 Spellforged Servitor     Conj/Summ      0%         N/A       100%        7
 Summon Hydra             Summ           0%         N/A       100%        7
 Borgnjor's Revivificati  Necr           0%         N/A       100%        8
 Discord                  Hex            0%         N/A       100%        8
 Disjunction              Tloc           7%         N/A       100%        8
 Ignition                 Fire           0%         3d3       100%        8


Dungeon Overview and Level Annotations

Branches:
Dungeon (15/15)            Temple (0/1) D:6            Lair (5/5) D:11
 Shoals (4/4) Lair:3       Spider (4/4) Lair:2        Slime (0/5) Lair:4
    Orc (2/2) D:10            Elf (0/3) Orc:2        Vaults (2/5) D:13
 Depths (0/4) D:15          IceCv (visited)         Volcano (visited)
  Crypt: Vaults:2-3

Altars:
Dithmenos
Elyvilon
Hepliaklqana
Kikubaaqudgha
Makhleb
Okawaru
Sif Muna
Trog
Uskayaw
Vehumet
Wu Jian
Zin
Ignis

Shops:
D:6 *   D:10 (   D:13 =[*   Orc:2 [*=(   Shoals:3 !   Vaults:1 *   Vaults:2 :

Annotations:
D:14 5 transporters


Innate Abilities, Weirdness & Mutations

You have blades for hands.
You are incapable of wielding weapons or throwing items.
You are amphibious.
You cover ground slowly.
You can hop long distances.
You have an extended range of vision and can be seen from far away.


Message History

The hell knight hits you from afar with a +5 halberd.
The searing wretch claws you!!
You are engulfed in flames!
You resist. The searing wretch closely misses you.
The hell knight mumbles some strange prayers to its god against you.
The bolt of fire misses you.
Your hell knight hits the hell knight with a +1 great mace!
The searing wretch claws you but does no damage.
The searing wretch bites you!!
Your fire resistance is stripped away!
Unknown command.
Unknown command.
You are too injured to fight recklessly!
Unknown command.
Unknown command.
You closely miss the searing wretch. The hell knight completely misses you.
Your hell knight hits the hell knight with a +1 great mace!!!
You slash the searing wretch!
The searing wretch is lightly damaged.
The hell knight hits you from afar with a +5 halberd!
Your hell knight hits the hell knight with a +1 great mace.
The searing wretch claws you but does no damage.
The searing wretch bites you!
You shred the searing wretch!!!
The searing wretch is moderately damaged.
The hell knight hits your hell knight with a +5 halberd!!
Your hell knight hits the hell knight with a +1 great mace!!
The hell knight dies!
Your Dodging skill increases to level 15!
You slash the searing wretch!
The searing wretch is heavily damaged.
The searing wretch completely misses you.
The searing wretch bites you!!
* * * LOW HITPOINT WARNING * * *
Unknown command.
Unknown command.
You shred the searing wretch!!!
The searing wretch is severely damaged.
The searing wretch claws you!!
* * * LOW HITPOINT WARNING * * *
You are engulfed in flames!!
You die...

## .# #.. . .# #.. .. .#
#.. .# ## #.. ..# # #..
.. # #..####.####. ###
#..n......... ##.#
#.)p@........
#..############)#########
...'............# #######
...#............# #.....#
..##............# #..>..#
.###............#
##....## ##
#............# #.....# #
#............# #...[##
###########'## #....#


You could see a searing wretch (ally target) and a friendly hell knight
(charmed, fast).

Vanquished Creatures
  Margery (Vaults:2)
  Arachne (Spider:4)
  Norris (Vaults:1)
  Rupert (Lair:3)
  Mlioglotl (Shoals:4)
  A sphinx (Vaults:2)
  2 krakens
  Polyphemus (Shoals:2)
  The ghost of Drazool the Thaumaturge, an adept DjSu of Ashenzari (Spider:1)
  Aizul (Spider:1)
  Donald (Spider:4)
  A fenstrider witch (Shoals:4)
  A fire giant (Vaults:1)
  Ilsuiw (Shoals:2)
  5 vault wardens
  4 emperor scorpions
  2 ghost moths
  An orc warlord (Orc:2)
  A reaper (IceCv)
  9 ironbound preservers
  5 broodmothers
  2 stone giants
  A formless jellyfish (Vaults:1)
  4 spark wasps (Spider:4)
  4 dire elephants
  7 merfolk javelineers
  13 merfolk impalers
  2 crystal guardians (Vaults:1)
  A deep elf high priest (Vaults:2)
  The ghost of Purph the Cleaver, a journeyman MiBe of Trog (Lair:1)
  6 yaktaur captains
  3 entropy weavers
  4 vault guards
  A great orb of eyes (Vaults:1)
  5 hydras (Lair:5)
  Erica (D:8)
  2 merfolk avatars
  An ogre mage (D:15)
  4 centaur warriors
  5 ironbound frosthearts
  6 merfolk aquamancers (Shoals:4)
  2 jorogumos (Spider:4)
  2 radroaches
  7 boulder beetles
  A catoblepas (Shoals:2)
  13 two-headed ogres
  4 alligator snapping turtles
  A satyr (Shoals:2)
  6 tengu warriors
  7 death scarabs (Spider:4)
  14 death yaks
  8 demonic crawlers
  3 occultists
  An orc high priest (Orc:2)
  A hell hog (Volcano)
  A hell knight (Vaults:2)
  7 skysharks
  A fire crab (Volcano)
  9 sea snakes
  11 pharaoh ants
  A sun moth (Spider:1)
  4 skeletal warriors (D:14)
  22 deep trolls
  A spectral jorogumo (Spider:4)
  41 harpies
  6 steelbarb worms
  3 arcanists
  Pikel (D:5)
  6 ironbound convokers
  3 orc knights (Orc:2)
  9 orb spiders
  15 lindwurms
  A mana viper (shapeshifter) (Vaults:1)
  4 necromancers
  6 orc sorcerers (Orc:2)
  2 spectral wolf spiders (Spider:4)
  33 wolf spiders
  2 deep elf pyromancers
  10 ugly things
  18 fauns
  22 manticores
  An oklob plant (Lair:2)
  3 meliai (Spider:3)
  5 moths of wrath
  6 cyclopes
  An ice statue (IceCv)
  6 black mambas
  10 merfolk sirens
  5 vault sentinels
  4 kobold blastminers
  5 elephants (Lair:3)
  7 water nymphs
  Joseph (D:7)
  2 torpor snails
  A cane toad (shapeshifter) (D:8)
  2 molten gargoyles (Volcano)
  2 gargoyles
  2 redback zombies (Spider:4)
  8 cane toads
  14 yaktaurs
  An unseen horror (D:12)
  2 spectral redbacks (Spider:4)
  2 rime drakes
  2 kobold demonologists
  8 komodo dragons
  2 efreet
  2 anaconda simulacra (IceCv)
  A queen bee (Lair:1)
  A tengu conjurer (D:13)
  7 trolls
  33 merfolk
  5 polar bears
  5 spectral tarantellas (Spider:4)
  6 hornets (Lair:5)
  9 wind drakes
  2 spectral jumping spiders (Spider:4)
  30 tarantellas
  Prince Ribbit (Lair:3)
  The ghost of lotum the Magician, an amateur FoEE (D:3)
  A tarantella zombie (Spider:4)
  A culicivora zombie (Spider:4)
  2 spectral culicivoras (Spider:4)
  8 dream sheep (Lair:5)
  6 snapping turtles
  A jumping spider zombie (Spider:4)
  15 blink frogs
  13 slime creatures
  37 jumping spiders
  14 spriggans (Lair:5)
  A vampire (D:13)
  21 culicivoras
  A centaur simulacrum (D:14)
  17 humans (D:13)
  3 wyverns
  2 wraiths
  A shadow (D:9)
  A golden eye (shapeshifter) (D:15)
  11 water elementals
  40 yaks
  3 dire elephant simulacra (IceCv)
  10 fire bats (Volcano)
  A warg (D:10)
  2 basilisks
  66 redbacks
  5 death yak simulacra (IceCv)
  2 steam dragons
  12 vampire mosquitoes
  Menkaure (D:4)
  3 harpy simulacra (IceCv)
  A naga (shapeshifter) (D:13)
  A swamp worm (Shoals:1)
  3 acid dragons
  10 water moccasins
  2 hell hounds (Volcano)
  3 ice beasts
  A sky beast (D:7)
  24 orc warriors
  5 ogres
  5 black bears
  4 laughing skulls
  8 boggarts
  A tengu (shapeshifter) (D:15)
  22 centaurs
  21 wolves
  A phantom (D:6)
  4 kobold brigands
  10 bullfrogs
  4 scorpions
  4 two-headed ogre simulacra (IceCv)
  A cane toad simulacrum (IceCv)
  8 wights (D:7)
  An elephant simulacrum (IceCv)
  6 killer bees
  2 electric eels (D:14)
  10 howler monkeys
  2 lava snakes (Volcano)
  A hound (D:5)
  2 jellies
  2 gnoll boudas
  13 orc priests
  A sleepcap (D:6)
  4 hell rats (Lair:4)
  9 iguanas
  24 orc wizards
  A polar bear simulacrum (IceCv)
  7 troll simulacra (IceCv)
  4 spriggan simulacra (IceCv)
  2 wolf simulacra (IceCv)
  8 adders
  13 gnolls
  6 naga simulacra (IceCv)
  6 river rats (Lair:4)
  A shadow imp (D:8)
  7 white imps (IceCv)
  9 ufetubi
  3 dart slugs
  A ribbon worm (D:2)
  59 orcs
  9 endoplasms
  5 giant cockroaches
  9 hobgoblins
  2 jackals (D:1)
  22 kobolds
  3 quokkas
  10 ball pythons
  7 bats
  A frilled lizard (D:2)
  2 goblins
  9 rats
  3 tentacles (Shoals:4)
1359 creatures vanquished.

Vanquished Creatures (collateral kills)
  A merfolk impaler (Shoals:4)
  Harold (Lair:1)
  A merfolk aquamancer (Shoals:4)
  A hell knight (Vaults:2)
  A yaktaur (Vaults:1)
  A human (D:13)
  A centaur (D:13)
  A killer bee (D:9)
8 creatures vanquished.

Vanquished Creatures (others)
  An orc warrior (Orc:2)
  22 tentacles
23 creatures vanquished.

Grand Total: 1390 creatures vanquished

Notes
Turn   | Place    | Note
-------+----------+-------------------------------------------
     0 | D:1      | Daunt the Barachi Shapeshifter began the quest for the Orb.
     0 | D:1      | Reached XP level 1. HP: 15/15 MP: 1/1
    91 | D:1      | Reached XP level 2. HP: 18/23 MP: 2/2
   673 | D:1      | Reached XP level 3. HP: 29/29 MP: 3/3
   790 | D:1      | HP: 1/30 [poisoned by an adder]
  1020 | D:2      | Reached XP level 4. HP: 38/38 MP: 4/4
  1366 | D:2      | Reached skill level 5 in Fighting
  1838 | D:3      | Found a transporter.
  1860 | D:3      | Noticed lotum's ghost (amateur FoEE)
  1920 | D:3      | Reached XP level 5. HP: 44/44 MP: 5/5
  1990 | D:3      | Found a transporter.
  2391 | D:3      | Found a faded altar of an unknown god.
  2394 | D:3      | Prayed at the altar of an unknown god.
  2394 | D:3      | Became a worshipper of Ignis, the Dying Flame
  2855 | D:4      | Noticed an ogre
  2886 | D:4      | Noticed Menkaure
  2978 | D:4      | Killed Menkaure
  2979 | D:4      | Reached XP level 6. HP: 43/53 MP: 6/6
  3261 | D:4      | Found a radiant altar of Vehumet.
  3261 | D:4      | Found a bloodstained altar of Trog.
  3262 | D:4      | Found an ancient bone altar of Kikubaaqudgha.
  3287 | D:5      | Entered Level 5 of the Dungeon
  3303 | D:5      | Reached skill level 5 in Unarmed Combat
  3638 | D:5      | Noticed a black bear
  3706 | D:5      | Reached XP level 7. HP: 60/60 MP: 7/7
  3761 | D:5      | Noticed Pikel
  3798 | D:5      | Found a hide-covered altar of Uskayaw.
  4057 | D:5      | Killed Pikel
  4058 | D:5      | Reached skill level 10 in Fighting
  4058 | D:5      | Reached XP level 8. HP: 72/72 MP: 8/8
  4620 | D:5      | Found an ornate altar of the Wu Jian Council.
  4713 | D:5      | Found a burning altar of Makhleb.
  4852 | D:6      | Found a staircase to the Ecumenical Temple.
  4928 | D:6      | Found a shadowy altar of Dithmenos.
  5131 | D:6      | Found Wynec's General Store.
  5151 | D:6      | Reached XP level 9. HP: 68/78 MP: 9/9
  5196 | D:6      | Bought a scroll of noise for 13 gold pieces
  5357 | D:6      | Found a glowing silver altar of Zin.
  5605 | D:7      | Reached skill level 5 in Shapeshifting
  5729 | D:7      | Noticed Joseph
  5746 | D:7      | Killed Joseph
  6043 | D:7      | Reached skill level 1 in Stealth
  6489 | D:8      | Noticed Erica
  6500 | D:8      | Killed Erica
  6501 | D:8      | Reached XP level 10. HP: 12/86 MP: 10/10
  6882 | D:8      | Found a white marble altar of Elyvilon.
  6934 | D:8      | Noticed a cane toad
  6944 | D:8      | Killed a cane toad
  6945 | D:8      | Reached skill level 10 in Unarmed Combat
  7131 | D:8      | Noticed a two-headed ogre
  7189 | D:8      | Found a shimmering blue altar of Sif Muna.
  7739 | D:9      | Reached skill level 1 in Evocations
  7805 | D:9      | Noticed a two-headed ogre
  7827 | D:9      | Killed a two-headed ogre
  7957 | D:9      | Noticed a two-headed ogre
  8011 | D:9      | Reached XP level 11. HP: 70/95 MP: 11/11
  8059 | D:10     | Entered Level 10 of the Dungeon
  8178 | D:9      | Reached skill level 5 in Stealth
  8468 | D:10     | Found a staircase to the Orcish Mines.
  8952 | D:10     | Reached skill level 5 in Dodging
  8988 | D:10     | Found Neetrida's Antique Weapon Shop.
  9416 | D:9      | Killed a two-headed ogre
  9605 | D:11     | Found a staircase to the Lair.
  9850 | D:11     | Reached skill level 5 in Evocations
 10000 | D:11     | Found a faded altar of an unknown god.
 10000 | D:11     | Found a hazy altar of Hepliaklqana.
 10001 | D:11     | Found a faded altar of an unknown god.
 10281 | Lair:1   | Entered Level 1 of the Lair of Beasts
 10441 | Lair:1   | Reached XP level 12. HP: 27/103 MP: 12/12
 10524 | Lair:1   | Noticed Harold
 10561 | Lair:1   | Noticed Sonja
 10575 | Lair:1   | Sonja changed into Sonja the ice beast
 10575 | Lair:1   | Noticed Sonja
 10581 | Lair:1   | Killed Sonja the ice beast
 10675 | Lair:1   | Noticed Grum
 10677 | Lair:1   | Grum changed into Grum the steam dragon
 10677 | Lair:1   | Noticed Grum
 10686 | Lair:1   | Killed Grum the steam dragon
 10716 | Lair:1   | Noticed a boulder beetle
 10727 | Lair:1   | Found a runed translucent door.
 10983 | Lair:1   | Noticed Purph's ghost (journeyman MiBe)
 11273 | Lair:1   | Killed Harold
 11534 | Lair:2   | Reached skill level 10 in Shapeshifting
 11768 | Lair:2   | Reached skill level 1 in Armour
 11971 | Lair:2   | Found an iron altar of Okawaru.
 12194 | Lair:2   | Reached skill level 5 in Armour
 12260 | Lair:2   | Found a hole to the Spider Nest.
 12268 | Lair:2   | Noticed a skyshark
 12359 | Lair:3   | Noticed Rupert
 12444 | Lair:3   | Found a staircase to the Shoals.
 12571 | D:12     | Noticed a two-headed ogre
 12582 | D:12     | Killed a two-headed ogre
 13092 | D:12     | Noticed a two-headed ogre
 13165 | D:12     | Killed a two-headed ogre
 13195 | D:12     | Noticed a centaur warrior
 13205 | D:12     | Killed a centaur warrior
 13206 | D:12     | Gained mutation: You can hop long distances. [Barachi
                  | growth]
 13206 | D:12     | Reached XP level 13. HP: 67/111 MP: 13/13
 13334 | D:12     | Identified the ring of Virtue {rN+ Str+3}
 13622 | D:13     | Found Tazudu Liolu's Jewellery Boutique.
 13698 | D:13     | Found Qodew's Antique Armour Shop.
 13700 | D:13     | Found Bisiawki's General Store.
 13853 | D:13     | Bought 3 scrolls of identify for 66 gold pieces
 13853 | D:13     | Bought a potion of attraction for 33 gold pieces
 14386 | D:13     | Reached skill level 15 in Unarmed Combat
 14393 | D:13     | Noticed a vault guard
 14405 | D:13     | Killed a vault guard
 14444 | D:13     | Noticed a vault guard
 14453 | D:13     | Killed a vault guard
 14459 | D:13     | Noticed a vault guard
 14469 | D:13     | Killed a vault guard
 14538 | D:13     | Found a gate to the Vaults.
 14556 | D:13     | Got the Spellbook of Shadowy Wanderlust
 14728 | D:14     | Identified the ring "Ocheil" {Str+3 Dex+6}
 14819 | D:14     | Found a transporter.
 14822 | D:14     | Found a transporter.
 14828 | D:14     | Found a transporter.
 14837 | D:14     | Found a transporter.
 14866 | D:14     | Reached skill level 15 in Fighting
 14869 | D:14     | Reached XP level 14. HP: 118/123 MP: 14/14
 14912 | D:14     | Found a transporter.
 14912 | D:14     | Found a transporter.
 15981 | D:13     | Got the Volume of Charged Interference
 16177 | D:15     | Entered Level 15 of the Dungeon
 16806 | D:15     | Identified a scroll of acquirement
 16875 | D:15     | Found a staircase to the Depths.
 16875 | D:15     | Noticed a stone giant
 16882 | D:15     | Killed a stone giant
 17356 | Lair:3   | Noticed Prince Ribbit
 17380 | Lair:3   | Killed Prince Ribbit
 17689 | Lair:3   | Killed Rupert
 17690 | Lair:3   | Reached XP level 15. HP: 92/131 MP: 15/15
 18321 | Lair:4   | Found a staircase to the Slime Pits.
 19163 | Lair:5   | Entered Level 5 of the Lair of Beasts
 19513 | Lair:5   | Found a dark tunnel.
 19577 | Volcano  | Entered a volcano
 19799 | Volcano  | Found a bloodstained altar of Trog.
 20582 | Lair:5   | Reached XP level 16. HP: 75/141 MP: 16/16
 21356 | Orc:1    | Entered Level 1 of the Orcish Mines
 21458 | Orc:1    | Found a bloodstained altar of Trog.
 21527 | Orc:1    | Found a frozen archway.
 21548 | IceCv    | Entered an ice cave
 21651 | IceCv    | Found the +3 pair of gauntlets of War {Slay+5}
 22703 | Orc:2    | Entered Level 2 of the Orcish Mines
 23127 | Orc:2    | Paralysed by an orc sorcerer for 3 turns
 23427 | Orc:2    | Found a staircase to the Elven Halls.
 23546 | Orc:2    | Found Ygorrol's Jewellery Shop.
 23562 | Orc:2    | Found Ughucy Jainn's Antique Weapon Shop.
 23669 | Orc:2    | Found Apsiovvesyunk's Antique Armour Shop.
 23684 | Orc:2    | Found Dioliv's General Store.
 23836 | Spider:1 | Entered Level 1 of the Spider Nest
 24885 | Spider:1 | Found a runed translucent door.
 24902 | Spider:1 | Noticed Drazool's ghost (adept DjSu)
 24973 | Spider:1 | Acquired a manual of Evocations
 25302 | Spider:1 | You fall into a shaft and drop 1 floor!
 25323 | Spider:2 | Reached XP level 17. HP: 121/143 MP: 17/17
 25356 | Spider:2 | Reached skill level 15 in Shapeshifting
 25888 | Spider:1 | Killed Drazool's ghost
 25924 | Spider:1 | Identified the serpent talisman of Mezcal {Will+ Int-4
                  | Slay+5 Stlth-}
 25924 | Spider:1 | Noticed Aizul
 25930 | Spider:1 | Killed Aizul
 26964 | Spider:2 | Reached skill level 10 in Dodging
 27390 | Spider:3 | Reached skill level 10 in Evocations
 27406 | Spider:3 | HP: 6/220 [moth of wrath (13)]
 28893 | Spider:3 | Identified the +0 leather armour "Pafuma" {^Contam rPois
                  | rN+++ Str+6}
 28948 | Spider:4 | Entered Level 4 of the Spider Nest
 29315 | Spider:4 | Noticed Arachne
 29552 | Spider:4 | Reached XP level 18. HP: 156/156 MP: 18/18
 29575 | Spider:4 | Noticed Donald
 29620 | Spider:4 | Killed Donald
 29767 | Spider:4 | Killed Arachne
 30946 | Spider:4 | Got a gossamer rune of Zot
 30957 | Spider:4 | Identified the +1 pair of boots "Odiforea" {Will++ Int+2}
 31287 | D:13     | Bought ancient storm dragon scales for 2380 gold pieces
 31287 | D:13     | Identified the +0 storm dragon scales "Opsaskac" {rElec
                  | MP-9 Dex+3} (You bought it in a shop on level 13 of the
                  | Dungeon)
 31327 | D:13     | Learned a level 2 spell: Blink
 31454 | Shoals:1 | Entered Level 1 of the Shoals
 32315 | Shoals:1 | Acquired the ring "Suodet" {Fly rN+ AC+4}
 32918 | Lair:1   | Killed Purph's ghost
 32927 | Lair:1   | Identified the +2 scale mail "Kyecw" {Regen+ Str+7 Dex-5}
 33080 | Shoals:1 | Learned a level 2 spell: Lesser Beckoning
 33195 | Shoals:2 | Reached skill level 1 in Translocations
 33204 | Shoals:2 | Reached skill level 1 in Spellcasting
 33269 | Shoals:2 | Noticed Ilsuiw
 33366 | Shoals:2 | Noticed Polyphemus
 33386 | Shoals:2 | Killed Polyphemus
 33504 | Shoals:2 | Killed Ilsuiw
 33691 | Shoals:2 | Reached XP level 19. HP: 146/165 MP: 22/22
 33834 | Shoals:2 | Reached skill level 5 in Translocations
 34135 | Shoals:3 | Found Wagiddei's Distillery.
 34654 | Shoals:3 | Reached skill level 15 in Evocations
 35325 | Shoals:4 | Entered Level 4 of the Shoals
 35746 | Shoals:4 | HP: 8/167 [tentacle[a kraken] (19)]
 36628 | Shoals:4 | Got the Enchiridion on Congregated Relocation
 36713 | Shoals:4 | Identified the +10 hand cannon "Pym Gee" {flame, Dex+3}
 36861 | Shoals:4 | Noticed Mlioglotl
 36873 | Shoals:4 | Killed Mlioglotl
 36900 | Shoals:4 | Got a barnacled rune of Zot
 37276 | Shoals:4 | Reached XP level 20. HP: 176/176 MP: 23/23
 37643 | D:3      | Killed lotum's ghost
 38033 | Vaults:1 | Entered Level 1 of the Vaults
 38043 | Vaults:1 | Noticed Norris
 38195 | Vaults:1 | Killed Norris
 38320 | Vaults:1 | Paralysed by a formless jellyfish for 1 turns
 38615 | Vaults:1 | Found Imarocra's Round Resellers.
 39203 | Vaults:1 | Reached skill level 10 in Armour
 39899 | Vaults:2 | Found Ficlao's Book Shoppe.
 40546 | Vaults:2 | Noticed Margery
 40557 | Vaults:2 | Killed Margery
 40564 | Vaults:2 | Reached skill level 15 in Dodging
 40565 | Vaults:2 | Slain by a searing wretch

Illustrated notes

Levels and vault maps discovered:
D:1:      dpeg_arrival_pits, layout_rooms
D:2:      layout_rooms
D:3:      layout_loops_ring, shapermc_ecumenical_altar_mp_vishouse,
          gammafunk_ghost_gnarly_gnolls, nicolae_houndstooth_variations
D:4:      layout_rooms, gammafunk_temple_overflow_claw, uniq_menkaure
D:5:      layout_loops_ring, nicolae_uskayaw_murder_on_the_dancefloor,
          mainiacjoe_overflow_alcove_2, nicolae_wu_jian_immortal_techniques,
          kennysheep_generic_room_9, uniq_pikel
D:6:      layout_cave_pools, grunt_dithmenos_shadows, zin_statuary,
          minmay_temple_entry_slanted, serial_shops, nicolae_shop_crystal,
          dk_noncrumbling_4, minivault_11
D:7:      layout_cave_pools, minmay_fractal_squares_5, uniq_joseph
D:8:      layout_loops_ring, mainiacjoe_overflow_chevrons,
          nicolae_elyvilon_peaceful_grove, kennysheep_just_a_vault, uniq_erica
D:9:      layout_basic
D:10:     layout_roguey, david_orc_3, serial_shops, kennysheep_mini_moat
D:11:     layout_stronghold, lair_entry_dummy, st_stairs_13,
          nicolae_hepliaklqana_ecumenical_no_more
D:12:     kennysheep_windowed_halls, layout_loops_cross
D:13:     layout_rooms, grunt_vaults_entry_tiered, serial_shops,
          nicolae_stop_n_shop_2, shop, nicolae_shop_waterfront,
          hangedman_decor_points, minmay_lindwurm_lava
D:14:     layout_stronghold, minivault_14, chequers_avenue,
          serial_nicolae_subway, nicolae_sub_station_crystal,
          nicolae_sub_station_metal, nicolae_sub_station_stone
D:15:     hangedman_depths_entry_civil_slaughter, layout_irregular_city,
          solitary_fountain
Lair:1:   layout_chaotic_city, ebering_ghost_reflecting_pool, uniq_grum,
          uniq_sonja, uniq_harold
Lair:2:   layout_misc_corridors, dummy_spider_entry, lemuel_oklob_altar,
          lemuel_fruit_fields
Lair:3:   layout_loops_ring, shoals_dummy_entry, grunt_megastairs_1,
          lemuel_fruit_tree, serial_bayou_shore_a, uniq_rupert,
          uniq_prince_ribbit2
Lair:4:   layout_regular_city, dpeg_slime_entry_enclosed,
          kennysheep_abandoned_house
Lair:5:   minmay_lair_end_enchanted_forest, layout_cave_shapes,
          nicolae_volcano_entry_vermiform, grunt_megastairs_5
Shoals:1: layout_shoals, nicolae_shoals_nymph_descending_staircase
Shoals:2: layout_shoals, nicolae_shoals_shepherds, uniq_ilsuiw, uniq_polyphemus
Shoals:3: layout_shoals, serial_shops, nicolae_diamond_shop,
          nicolae_shoals_isolated_beach
Shoals:4: shoals_end_simple, layout_shoals,
          nicolae_shoals_beach_house_on_fowls_legs, uniq_mlioglotl
Spider:1: layout_chambers, ebering_ghost_inner_flame, uniq_aizul
Spider:2: layout_chambers, drop_trap
Spider:3: nicolae_spider_mines_3, einodemon_crawler_minivault
Spider:4: floodkiller_spider_rune_tomb, uniq_donald, uniq_arachne
Orc:1:    layout_diamond_mine, portal_ice_cave_entry_pillars_2,
          trog_butcher_becter
Orc:2:    grunt_orc_cross, layout_caves, nicolae_orc_damp_corner
Vaults:1: hangedman_vaults_river_flow, nicolae_vaults_specimen_jars, v_misc_13,
          nicolae_vaults_tetromino_Z_1, tekkud_shop_of_orbs,
          hangedman_vaults_variations, nicolae_vaults_sightless_eye,
          nicolae_vaults_double_plus_1, v_pattern_2,
          nicolae_vaults_circle_grid_b, nicolae_vaults_cochlea,
          nicolae_vaults_double_plus_1, vaults_room_door_ring,
          layout_vaults_omnicross, uniq_norris
Vaults:2: nicolae_vaults_heart-shaped_vault, nicolae_vaults_what_the_h,
          nicolae_vaults_swerve, nicolae_vaults_six-pack,
          nicolae_vaults_asterisk, nicolae_vaults_angled_halls,
          hangedman_vaults_pinch, nicolae_vaults_asterisk, vaults_room_hallway,
          nicolae_vaults_shipping_containers_5, v_alt_pattern_4,
          vaults_dpeg_emergency_exit, nicolae_vaults_trapezoid_lopsided_1,
          nicolae_vaults_double_plus_2, layout_vaults_omnibox, serial_shops,
          shop, uniq_margery

Skill      XL: |  1  2  3  4  5  6  7  8  9 10 11 12 13 14 15 16 17 18 19 20 |
---------------+-------------------------------------------------------------+-----
Fighting       | 2 3 4 5 6 7 10 11 12 13 15 16 17 18 19 22 | 22.5
Unarmed Combat | 4 5 8 9 11 12 13 16 17 19 20 21 22 | 22.4
Shapeshifting  | 4 7 8 10 14 16 | 16.0
Stealth        | 3 4 5 6 |  6.0
Evocations     | 2 5 6 8 13 14 15 | 15.0
Dodging        | 3 5 6 7 9 10 12 13 15 | 15.0
Armour         | 7 8 11 | 11.0
Translocations | 3 5 |  5.0
Spellcasting   | 2 |  2.0

Action                     |  1- 3 |  4- 6 |  7- 9 | 10-12 | 13-15 | 16-18 | 19-21 || total
---------------------------+-------+-------+-------+-------+-------+-------+-------++-------
  Melee: Unarmed           |    66 |   105 |   186 |   606 |   787 |  1152 |   778 ||  3680
         Punch             |       |       |       |    13 |    45 |   102 |   137 ||   297
         Constrict         |       |       |       |       |    79 |    24 |       ||   103
         Tailslap          |       |       |       |       |       |    72 |       ||    72
         Bite              |       |       |       |       |       |    66 |       ||    66
   Fire: Sling             |       |    98 |   105 |       |       |       |       ||   203
   Cast: Lesser Beckoning  |       |       |       |       |       |       |    29 ||    29
Ability: Begin Untransform |       |       |       |       |     1 |     4 |       ||     5
         Hop               |       |       |       |       |     2 |     4 |     5 ||    11
         Breathe Fire      |       |       |       |       |       |     1 |       ||     1
  Evoke: Wand              |       |       |     2 |    14 |       |     1 |    12 ||    29
         Sack of spiders   |       |       |       |     1 |       |       |     1 ||     2
         Phantom mirror    |       |       |       |       |     2 |     1 |     1 ||     4
         Phial of floods   |       |       |       |       |     1 |       |       ||     1
         Lightning rod     |       |       |       |       |       |       |     2 ||     2
    Use: Scroll            |       |     5 |     1 |    10 |    12 |     6 |     5 ||    39
         Potion            |       |       |     1 |     2 |     2 |     6 |     4 ||    15
   Stab: Sleeping          |       |       |       |     4 |    14 |    11 |     3 ||    32
         Distracted        |       |       |       |       |     2 |     5 |     1 ||     8
         Petrified         |       |       |       |       |       |     8 |       ||     8
 Armour: Animal skin       |     5 |       |       |       |       |       |       ||     5
         Leather armour    |    42 |    84 |   105 |       |       |       |       ||   231
         Skin              |       |       |    35 |   213 |   187 |   437 |       ||   872
         Ring mail         |       |       |     5 |    89 |   306 |   429 |   604 ||  1433
  Dodge: Dodged            |    43 |   100 |   144 |   388 |   398 |   691 |   622 ||  2386
   Form: Flux              |       |       |     1 |       |       |       |       ||     1
         Blade             |       |       |       |     1 |     1 |     5 |     2 ||     9
         Serpent           |       |       |       |       |     1 |     4 |     1 ||     6
         Dragon            |       |       |       |       |       |     4 |     2 ||     6
